 Dungeon Crawl Stone Soup version 0.31-a0-303-gdc8c9485ea (webtiles) character file.

Game seed: 17749608197214530375

3630 cforsyth the Grappler (level 10, 0/96 HPs)
             Began as a Meteoran Shapeshifter on July 16, 2023.
             Was a Believer of Makhleb.
             Slain by a gnoll bouda
             ... wielding a +0 halberd
              (10 damage)
             ... in a bailey.
             The game lasted 00:17:53 (3387 turns).

cforsyth the Grappler (Meteoran Shapeshifter)       Turns: 3387, Time: 00:17:54

Health: 0/96       AC:  4    Str: 25    XL:     10   Next: 58%
Magic:  11/11      EV: 12    Int:  9    God:    Makhleb [**....]
Gold:   225        SH:  0    Dex: 16    Spells: 9/9 levels left

rFire   . .          .
                       - Unarmed
rCold   + . .        (no shield)
rNeg    . . .        t - +1 leather armour of Jieplus {rPois rC+ Str+4}
rPois   +            (helmet currently unavailable)
rElec   .            (cloak currently unavailable)
rCorr   .            (gloves currently unavailable)
SInv    .            (boots currently unavailable)
Will    +....        (no amulet)
Stlth   +            z - +4 ring of slaying
HPRegen 0.36/turn    (no ring)
MPRegen 0.12/turn

%: no passive effects
@: beast-form, weakened, glowing
A: beast (slay +2), sense surroundings 2, otherworldly, glowing, explore regen
a: Begin Untransformation, Renounce Religion, Minor Destruction


You were in a bailey.
You worshipped Makhleb.
Makhleb was pleased with you.
You were a hulking beast.
You visited 1 branch of the dungeon, and saw 9 of its levels.
You also visited: Bailey.

You collected 225 gold pieces.

Inventory:

Hand Weapons
 p - the +4 dagger of Moderation {spect, Fragile rF++ Dex+5}
   (You found it on level 4 of the Dungeon)

   Dex:       It affects your dexterity (+5).
   rF:        It greatly protects you from fire.
   Fragile:   It will be destroyed if unequipped.
Missiles
 v - 3 throwing nets
Armour
 a - a +0 animal skin
 i - a +1 plate armour
 t - the +1 leather armour of Jieplus (worn) {rPois rC+ Str+4}
   (You found it on level 5 of the Dungeon)

   Str:       It affects your strength (+4).
   rC:        It protects you from cold.
   rPois:     It protects you from poison.
 C - a +0 cloak
 G - a +2 tower shield
Jewellery
 b - the ring "Remom" {rF+ rN+ Slay-4 Stlth+}
   (You found it on level 6 of the Dungeon)

   [ring of protection from fire]

   Slay:      It affects your accuracy & damage with ranged weapons and melee
   (-4).
   rF:        It protects you from fire.
   rN:        It protects you from negative energy.
   Stlth:     It makes you more stealthy.
 l - a ring of fire
 z - a +4 ring of slaying (left hand)
Talismans
 c - a beast talisman
Wands
 d - a wand of polymorph (12)
 B - a wand of flame (20)
 D - a wand of roots (7)
 F - a wand of charming (8)
Scrolls
 f - a scroll of enchant armour
 j - a scroll of silence {unknown}
 m - a scroll of noise {unknown}
 n - a scroll of revelation
 s - 2 scrolls of immolation {unknown}
 u - a scroll of amnesia {unknown}
 y - a scroll of enchant weapon
 E - 2 scrolls of vulnerability {unknown}
Potions
 e - 2 potions of mutation
 g - 2 potions of curing
 h - a potion of brilliance
 o - a potion of might {unknown}
 q - 2 potions of resistance
 x - a potion of heal wounds
 A - a potion of ambrosia {unknown}


   Skills:
 + Level 11.2 Fighting
 - Level 2.4 Dodging
 + Level 12.1 Unarmed Combat
 - Level 3.6 Shapeshifting


You had 9 spell levels left.
You didn't know any spells.
Your spell library contained the following spells:

 Spells                   Type           Power      Damage    Failure   Level
 Foxfire                  Conj/Fire      0%         2x1d4     43%         1
 Freeze                   Ice            0%         1d3       43%         1
 Wereblood                Tmut           0%         N/A       56%         2
 Frozen Ramparts          Ice            0%         1d1       80%         3
 Hailstorm                Conj/Ice       0%         3d3       80%         3
 Arcjolt                  Conj/Air       0%         1d10      100%        5
 Summon Forest            Summ/Tloc      0%         N/A       100%        5
 Eringya's Noxious Bog    Tmut/Pois      0%         4d6       100%        6
 Plasma Beam              Fire/Air       0%         2x1d10    100%        6
 Starburst                Conj/Fire      0%         6d3       100%        6
 Summon Hydra             Summ           0%         N/A       100%        7
 Chain Lightning          Conj/Air       0%         N/A       100%        9


Dungeon Overview and Level Annotations

Branches:
Dungeon (9/15) Zot: 2276   Temple (0/1) D:5          Bailey (1/1) Zot: 407
   Lair: D:8-11         Orc: D:9-12

Altars:
Makhleb
Nemelex Xobeh

Annotations:
D:6 2 runed translucent doors, MrSquiggles's ghost, novice OpDe


Innate Abilities, Weirdness & Mutations

You are a hulking beast.
Your limbs bulge with bestial killing power. (Slay +2)
You passively map the area around you.
You are easily found by Zot.
You glow in the dark.
You regain HP and MP as you explore.


Message History

You feel your attacks grow feeble. The gnoll bouda closely misses you.
Things that are here:
a +0 spear; a +0 scale mail You punch the gnoll sergeant! x2
The gnoll sergeant is almost dead.
The gnoll hits you with a +0 spear!
You punch the gnoll sergeant!
You kill the gnoll sergeant!
Makhleb accepts your kill.
You feel better.
The gnoll bouda gazes fiercely through you!
You feel as though you will be weak longer.
The gnoll bouda hits you from afar with a +0 halberd!
* * * LOW HITPOINT WARNING * * *
You hit the gnoll.
The gnoll is heavily wounded.
The gnoll hits you with a +0 spear.
* * * LOW HITPOINT WARNING * * *
The gnoll bouda calls upon its god to heal the gnoll.
The gnoll's wounds heal themselves!
You closely miss the gnoll. The gnoll hits you with a +0 spear.
* * * LOW HITPOINT WARNING * * *
The gnoll bouda gazes fiercely through you!
You feel as though you will be weak longer.
The gnoll bouda misses you.
You punch the gnoll!
The gnoll is severely wounded.
The gnoll is no longer moving quickly.
The gnoll hits you but does no damage.
The gnoll bouda barks out a call to the hunt!
The gnoll picks up the pace!
You hit the gnoll.
You kill the gnoll!
Makhleb accepts your kill.
You feel better.
The gnoll bouda hits you with a +0 halberd.
* * * LOW HITPOINT WARNING * * *
You hit the gnoll bouda but do no damage.
The gnoll bouda hits you with a +0 halberd!
You die...

* , #...)...# *~ *
#...8)..# ###≈♣ ♣≈
#.......#...#≈♣ ♣≈
##.....##...#≈♣ ♣≈ ,
##)..##....#≈♣ ♣≈*
,,##'##....8#≈♣ ♣≈
#...#.....#≈♣ ♣≈## ,
,+..g'....##≈♣ ♣≈.##
,,#.)h# ##.≈♣
♣≈..#####())#####..≈♣
♣≈.........).......≈♣
♣≈≈...............≈≈♣
♣♣≈≈≈≈≈≈≈≈≈≈≈≈≈≈≈≈≈♣♣
♣♣♣♣♣♣♣♣♣♣♣♣♣♣♣♣♣♣♣


You could see a gnoll bouda.

Vanquished Creatures
  A hornet (D:9)
  Grinder (D:5)
  2 steam dragons (D:7)
  4 water moccasins
  2 orc warriors (D:9)
  3 sky beasts
  An ogre (D:6)
  2 centaurs
  2 phantoms
  4 gnoll sergeants
  A bullfrog (D:7)
  2 scorpions
  2 wights
  3 killer bees (D:8)
  3 howler monkeys (D:5)
  A jelly (D:6)
  3 hounds
  4 gnoll boudas
  4 orc priests
  3 iguanas
  Ijyb (D:5)
  Terence (D:2)
  A sleepcap (D:7)
  4 orc wizards
  2 adders
  20 gnolls
  A white imp (D:6)
  A worm (D:5)
  15 orcs
  2 ball pythons (D:3)
  7 endoplasms
  5 giant cockroaches
  4 goblins
  8 hobgoblins
  2 jackals (D:2)
  2 kobolds
  2 bats
  2 frilled lizards (D:1)
  A rat (D:1)
129 creatures vanquished.

Notes
Turn   | Place    | Note
-------+----------+-------------------------------------------
     0 | D:1      | cforsyth the Meteoran Shapeshifter began the quest for the
                  | Orb.
     0 | D:1      | Reached XP level 1. HP: 17/17 MP: 2/2
   151 | D:1      | Reached XP level 2. HP: 12/25 MP: 3/3
   159 | D:1      | Reached skill level 3 in Unarmed Combat
   262 | D:1      | Reached XP level 3. HP: 30/30 MP: 4/4
   372 | D:2      | Found a faded altar of an unknown god.
   437 | D:2      | Noticed Terence
   454 | D:2      | Killed Terence
   455 | D:2      | Reached skill level 4 in Unarmed Combat
   455 | D:2      | Reached XP level 4. HP: 26/39 MP: 5/5
   518 | D:3      | Found a sparkling altar of Nemelex Xobeh.
   520 | D:3      | Found a burning altar of Makhleb.
   612 | D:3      | Became a worshipper of Makhleb the Destroyer
   852 | D:4      | Identified the +4 dagger of Moderation {spect, Fragile rF++
                  | Dex+5}
   948 | D:4      | Reached XP level 5. HP: 46/46 MP: 6/6
  1094 | D:5      | Entered Level 5 of the Dungeon
  1120 | D:5      | Identified the +1 leather armour of Jieplus {rPois rC+
                  | Str+4}
  1270 | D:5      | Reached skill level 5 in Unarmed Combat
  1270 | D:5      | Reached XP level 6. HP: 46/53 MP: 7/7
  1303 | D:5      | Noticed Ijyb
  1312 | D:5      | Killed Ijyb
  1317 | D:5      | Reached skill level 5 in Fighting
  1322 | D:5      | Noticed a water moccasin
  1326 | D:5      | Reached XP level 7. HP: 61/61 MP: 8/8
  1332 | D:5      | Killed a water moccasin
  1333 | D:5      | Reached skill level 6 in Unarmed Combat
  1333 | D:5      | Reached * piety under Makhleb
  1471 | D:5      | Noticed Grinder
  1481 | D:5      | Killed Grinder
  1482 | D:5      | Reached skill level 7 in Unarmed Combat
  1482 | D:5      | Reached XP level 8. HP: 49/71 MP: 9/9
  1487 | D:5      | Found a staircase to the Ecumenical Temple.
  1747 | D:7      | Reached skill level 8 in Unarmed Combat
  1897 | D:7      | HP: 2/68 [wight/+3 hand axe (2)]
  1977 | D:7      | Gained mutation: You passively map the area around you.
                  | [Meteoran growth]
  1977 | D:7      | Reached XP level 9. HP: 32/80 MP: 10/10
  1991 | D:6      | Identified the ring "Remom" {rF+ rN+ Slay-4 Stlth+}
  2065 | D:7      | Reached skill level 9 in Unarmed Combat
  2272 | D:6      | Found a runed translucent door.
  2273 | D:6      | Noticed MrSquiggles's ghost (novice OpDe)
  2357 | D:6      | Found a runed translucent door.
  2576 | D:6      | Reached skill level 10 in Unarmed Combat
  2920 | D:8      | Reached XP level 10. HP: 92/93 MP: 11/11
  2933 | D:8      | Reached skill level 10 in Fighting
  2975 | D:9      | Reached skill level 11 in Unarmed Combat
  2997 | D:9      | Reached ** piety under Makhleb
  3045 | D:7      | Got Ikebby's Commentary on Galvanic Transformation
  3149 | D:9      | Found a flagged portal.
  3173 | Bailey   | Entered a bailey
  3207 | Bailey   | Reached skill level 12 in Unarmed Combat
  3387 | Bailey   | Slain by a gnoll bouda

Illustrated notes

Levels and vault maps discovered:
D:1:      matt_arrival_diagonals, layout_rooms, serial_forest,
          infiniplex_forest_3_way, infiniplex_forest_side_room,
          infiniplex_forest_straight_5, infiniplex_forest_corner_1,
          infiniplex_forest_lined_2, grunt_decor_fettered,
          chequers_serial_rivers_micro_c, hangedman_decor_lopped,
          nicolae_figureground_pulse
D:2:      layout_loops_ring, hellmonk_ecumenical_altar_crossroads, uniq_terence
D:3:      layout_basic, mainiacjoe_overflow_catwalk_spiral
D:4:      layout_loops_corners
D:5:      layout_basic, temple_hall, uniq_ijyb, uniq_grinder
D:6:      layout_cave_pods, mainiacjoe_overflow_alcove_3, ebering_ghost_sewer_f
D:7:      old_forge, layout_cave_pods, dk_noncrumbling_3, grunt_ministairs_4
D:8:      layout_loops_corners, due_lair_maze_entry_diamond
D:9:      layout_roguey, enter_bailey_6, minmay_misc_feat_alley
Bailey:   bailey_polearm_gnolls_kennysheep, bailey

Skill      XL: |  1  2  3  4  5  6  7  8  9 10 |
---------------+-------------------------------+-----
Unarmed Combat | 3 4 5 7 8 10 12 | 12.1
Fighting       | 3 4 5 6 7 9 11 | 11.2
Dodging        | |  2.4
Shapeshifting  | |  3.6

Action                     |  1- 3 |  4- 6 |  7- 9 | 10-12 || total
---------------------------+-------+-------+-------+-------++-------
  Melee: Unarmed           |    74 |    86 |   160 |    99 ||   419
         Punch             |     1 |     2 |     6 |    10 ||    19
  Evoke: Wand              |       |       |       |     1 ||     1
    Use: Scroll            |       |     4 |     4 |     4 ||    12
         Potion            |       |       |     3 |     3 ||     6
 Armour: Animal skin       |    12 |       |       |       ||    12
         Plate armour      |     8 |    14 |       |       ||    22
         Leather armour    |       |     8 |    32 |    21 ||    61
         Skin              |       |    20 |    20 |       ||    40
  Dodge: Dodged            |    33 |    22 |    50 |    59 ||   164

Table legend: (Time is in decaauts)
 A = Elapsed time spent in this place.
 B = Non-inter-level travel time spent in this place.
 C = Inter-level travel time spent in this place.
 D = Time resting spent in this place.
 E = Time spent auto-exploring this place.
 F = Levels seen in this place.
 G = Mean time per level.
                   A        B        C        D        E       F      G
               +--------+--------+--------+--------+--------+-----+--------+
         Total |   3314 |   3239 |     75 |    383 |     32 |  10 |  331.4 |
       Dungeon |   3123 |   3048 |     75 |    283 |     32 |   9 |  347.0 |
        Bailey |    191 |    191 |      0 |    100 |      0 |   1 |  191.0 |
               +--------+--------+--------+--------+--------+-----+--------+

Top non-repeatable levels by time:
     D:7: 619 daAuts
     D:5: 610 daAuts
     D:6: 519 daAuts
     D:3: 387 daAuts
     D:1: 293 daAuts
     D:4: 238 daAuts
  Bailey: 191 daAuts
     D:2: 168 daAuts
     D:8: 153 daAuts
     D:9: 132 daAuts
